cohdb
Replays
Latest Replays
All Replays
Popular Replays
Top Player Replays
Match Explorer
How It Works
Community
CoH3 Stats
Reddit
Sign in to upload your games and track your stats! →
Sign in with Steam
Match 44158172
Unlisted
Match 44158172
Overview
Messages
Build Orders
End
Construct Section Command Post
Vickers Machine Gun Team
Selects Heavy Armor Battlegroup
Dingo Light Scout Car
Infantry Section
Infantry Section
Construct Platoon Command Post
Unlock M3 Stuart Light Tanks
Grenade Package
M3 Stuart Light Tank
6-pounder Anti-tank Gun Team
Royal Engineer Section
Selects Rigorous Vehicle Training
Selects Light Vehicle Withdraw and Refit
Selects UNKNOWN (202330)
Construct Company Command Post
Infantry Section
Selects Forward Repair Assembly
Selects UNKNOWN (2162094)
Foot Guards Section
Selects Recon Artillery
Matilda II Heavy Tank
CMP 15cwt Truck
Recon Artillery
Churchill IV Heavy Tank
IkarusHG
JollyRedRockett
shor
noob
Darren3101
Szym00
Mafioznik
♂ASS WE CAN♂
0
0
Comments
sign in to comment!
No comments posted yet!